 Dungeon Crawl Stone Soup version 0.30-a0-728-gc68057be0a (webtiles) character file.

Game seed: 66724594196380652

95 retardedninja the Shield-Bearer (level 4, -2/29 HPs)
             Began as a Gargoyle Fighter on Jan 30, 2023.
             Slain by a gnoll
             ... wielding a +0 flail
              (8 damage)
             ... on level 3 of the Dungeon.
             The game lasted 00:02:27 (2131 turns).

retardedninja the Shield-Bearer (Gargoyle Fighter)  Turns: 2131, Time: 00:02:28

Health: -2/29      AC: 11    Str: 21    XL:     4   Next: 66%
Magic:  4/4        EV:  9    Int:  9    God:
Gold:   111        SH:  5    Dex: 15    Spells: 3/3 levels left

rFire   . . .      SeeInvis .    a - +0 flail
rCold   . . .      Faith    .    c - +0 buckler
rNeg    + . .      Spirit   .    b - +0 scale mail
rPois   ∞          Reflect  .    o - +0 helmet
rElec   +          Harm     .    (no cloak)
rCorr   +          Rampage  .    (no gloves)
Will    .....                    (no boots) Stlth
                                 (no amulet)
HPRegen 0.24/turn                f - ring of resist corrosion
MPRegen 0.09/turn                k - +6 ring of dexterity

@: mighty, brilliant
A: sickness immunity, AC +3, negative energy resistance 1, electricity
resistance, torment resistance 1, petrification resistance
a: no special abilities


You were on level 3 of the Dungeon.
You visited 1 branch of the dungeon, and saw 3 of its levels.

You collected 111 gold pieces.

Inventory:

Hand Weapons
 a - a +0 flail (weapon)
Armour
 b - a +0 scale mail (worn)
 c - a +0 buckler (worn)
 o - a +0 helmet (worn)
Jewellery
 f - a ring of resist corrosion (left hand)
 k - a +6 ring of dexterity (right hand)
Scrolls
 e - a scroll of poison {unknown}
 g - 4 scrolls of identify {unknown}
 h - a scroll of immolation {unknown}
 n - a scroll of vulnerability {unknown}
Potions
 d - a potion of might
 j - a potion of brilliance
 m - a potion of flight {unknown}


   Skills:
 + Level 4.0 Fighting
 + Level 2.9 Maces & Flails
 + Level 4.0 Armour
 + Level 4.0 Shields


You had 3 spell levels left.
You didn't know any spells.
Your spell library was empty.

Dungeon Overview and Level Annotations

Branches:
Dungeon (3/15)

Altars:


Innate Abilities, Weirdness & Mutations

You are immune to sickness and miasma.
Your stone body is resilient. (AC +3)
You are immune to poison.
You resist negative energy. (rN+)
You are resistant to electric shocks. (rElec)
You are resistant to unholy torment.
You are immune to petrification.


Message History

You kill the endoplasm!
The gnoll hits you from afar with a +0 spear.
The gnoll misses you. The gnoll hits you but does no damage.
You bump into the rock wall.
The gnoll closely misses you. The gnoll completely misses you.
You bump into the rock wall.
You feel less invigorated.
You feel less confused. The gnoll hits you with a +0 flail!
The gnoll hits you from afar with a +0 spear.
You barely miss the gnoll. You block the gnoll's attack.
The gnoll completely misses you.
You closely miss the gnoll. The gnoll hits you but does no damage.
The gnoll misses you.
You barely miss the gnoll. The gnoll hits you but does no damage.
The gnoll barely misses you. You block the gnoll's attack.
The gnoll barely misses you.
You closely miss the gnoll. You block the gnoll's attack.
The gnoll closely misses you.
You barely miss the gnoll. The gnoll barely misses you.
The gnoll hits you but does no damage. x2; You block the gnoll's attack.
You hit the gnoll.
The gnoll is moderately wounded.
The gnoll hits you but does no damage. x2
You barely miss the gnoll.
The gnoll is moderately wounded.
The gnoll hits you with a +0 flail. You block the gnoll's attack.
You sock the gnoll!
The gnoll is almost dead.
The gnoll hits you from afar with a +0 spear.
* * * LOW HITPOINT WARNING * * *
The gnoll closely misses you.
You closely miss the gnoll.
The gnoll is almost dead.
You block the gnoll's attack.
The gnoll hits you but does no damage. x3
You closely miss the gnoll.
The gnoll is almost dead.
The gnoll hits you from afar with a +0 spear.
* * * LOW HITPOINT WARNING * * *
The gnoll hits you with a +0 flail!
You die...

####.#..#
+......+........
#......######.##
#......#........ #.....
######.#. #...# #.#.
#...# #.#.
#######...#########.#.
#!..g@'...'.........#.
......g###...###########.
....... #...# #. .......
#...### #. ..##+##
#...[.# #. . #####.# #.#
#.### #...#


You could see 2 gnolls.

Vanquished Creatures
  2 gnolls (D:3)
  3 adders (D:2)
  A worm (D:2)
  3 dart slugs
  4 bats
  7 endoplasms
  2 hobgoblins (D:2)
  5 jackals (D:2)
  A quokka (D:2)
  4 ball pythons
  A frilled lizard (D:1)
  6 kobolds
  2 rats
41 creatures vanquished.

Notes
Turn   | Place    | Note
-------+----------+-------------------------------------------
     0 | D:1      | retardedninja the Gargoyle Fighter began the quest for the
                  | Orb.
     0 | D:1      | Reached XP level 1. HP: 14/14 MP: 1/1
   119 | D:1      | Reached XP level 2. HP: 12/19 MP: 2/2
  1125 | D:2      | Reached XP level 3. HP: 24/24 MP: 3/3
  1814 | D:2      | Reached XP level 4. HP: 29/29 MP: 4/4
  2106 | D:3      | HP: 1/29 [gnoll/+0 spear (1)]
  2131 | D:3      | Slain by a gnoll

Illustrated notes

Levels and vault maps discovered:
D:1:      erik_arrival_cave_to_civilisation [erik_arrival_cave_to_hall],
          layout_basic
D:2:      wad_pebble_path, layout_basic
D:3:      layout_basic, mainiacjoe_overflow_cross_hatched,
          mainiacjoe_overflow_surrounded_room, fiery_altar_vehumet,
          nicolae_overflow_hidden_temple

Skill      XL: |  1  2  3  4 |
---------------+-------------+-----
Fighting       | 4 |  4.0
Armour         | 4 |  4.0
Shields        | 4 |  4.0
Maces & Flails | |  2.9

Action                     |  1- 3 |  4- 6 || total
---------------------------+-------+-------++-------
  Melee: Flail             |    98 |    33 ||   131
    Use: Potion            |       |     5 ||     5
 Armour: Scale mail        |    77 |    19 ||    96
  Dodge: Dodged            |    72 |    30 ||   102
  Block: Buckler           |    25 |    13 ||    38

Table legend: (Time is in decaauts)
 A = Elapsed time spent in this place.
 B = Non-inter-level travel time spent in this place.
 C = Inter-level travel time spent in this place.
 D = Time resting spent in this place.
 E = Time spent auto-exploring this place.
 F = Levels seen in this place.
 G = Mean time per level.
                   A        B        C        D        E       F      G
               +--------+--------+--------+--------+--------+-----+--------+
         Total |   2171 |   2133 |     38 |    472 |   1327 |   3 |  723.7 |
       Dungeon |   2171 |   2133 |     38 |    472 |   1327 |   3 |  723.7 |
               +--------+--------+--------+--------+--------+-----+--------+

Top non-repeatable levels by time:
     D:1: 1131 daAuts
     D:2: 942 daAuts
     D:3: 97 daAuts
